AoeStats
← Nicolasbecerra

Arena

508105757Analyzed
3v3 RM · 10d ago on Sep 20, 2026· 47m 46s· 6 players
Game mode
Random Map
Map size
Normal (6 player)
Population
200
Speed
Normal
Resources
Standard
Victory
Conquest
Starting age
Dark Age
Ending age
Imperial Age
RankedLock teamsTeams togetherTeam positionsShared explorationLock speedFull tech treeHidden civsTurbo modeCheats
Victory
Defeat
🇨🇱 Ethiopians · Chile
954
+18
🇸🇦 Saracens · Saudi Arabia
949
+18
🇱🇧 Poles · Lebanon
882
+21
🇻🇪 Teutons · Venezuela
1040
-21
🇻🇪 Franks · Venezuela
1018
-20
🇻🇪 Bulgarians · Venezuela
928
-16
† BigMakh †
13:14 Feudal Age
13:41 Horse Collar
13:47 Double-Bit Axe
18:27 Stone Mining
18:31 Gold Mining
20:44 Castle Age
19:54 Forging
19:50 Scale Barding Armor
22:37 Iron Casting
26:58 Wheelbarrow
30:26 Imperial Age
32:09 Chemistry
32:48 Gold Shaft Mining
35:30 Elite Mameluke
36:49 Conscription
42:36 Blast Furnace
41:57 Chain Barding Armor
47:54 Heavy Plow
48:07 Bow Saw
† Mo_5_tar †
14:34 Feudal Age
15:06 Horse Collar
15:30 Double-Bit Axe
21:34 Bloodlines
23:54 Castle Age
22:56 Scale Barding Armor
23:10 Forging
24:38 Light Cavalry
25:53 Heavy Plow
26:08 Bow Saw
33:34 Imperial Age
34:33 Winged Hussar
36:08 Wheelbarrow
36:46 Chain Barding Armor
37:02 Iron Casting
40:03 Chemistry
39:23 Ballistics
Nicolasbecerra
10:35 Feudal Age
11:55 Loom
14:36 Castle Age
14:41 Fletching
14:49 Crossbowman
16:41 Bodkin Arrow
20:35 Double-Bit Axe
21:16 Padded Archer Armor
24:32 Horse Collar
25:13 Bow Saw
31:40 Heavy Plow
35:15 Thumb Ring
36:45 Scale Mail Armor
37:09 Leather Archer Armor
37:04 Forging
38:02 Wheelbarrow
42:18 Imperial Age
42:26 Arbalester
43:22 Bracer
44:04 Ring Archer Armor
44:25 Conscription
46:57 Chemistry
46:17 Ballistics
47:05 Spies/Treason
JoseH
9:35 Loom
11:21 Feudal Age
12:36 Double-Bit Axe
22:12 Castle Age
22:37 Fletching
22:48 Padded Archer Armor
22:55 Scale Barding Armor
23:01 Forging
22:34 Elite Skirmisher
29:30 Thumb Ring
41:45 Imperial Age
Pixipie3
8:22 Loom
10:41 Feudal Age
17:14 Castle Age
19:03 Scale Mail Armor
23:31 Pikeman
26:02 Elite Skirmisher
26:51 Double-Bit Axe
28:31 Bow Saw
28:43 Fletching
29:10 Padded Archer Armor
31:12 Leather Archer Armor
30:58 Bodkin Arrow
38:01 Imperial Age
37:54 Forging
38:30 Halberdier
41:35 Wheelbarrow
40:38 Cavalier
SuitAlarm
10:26 Loom
12:18 Feudal Age
16:39 Castle Age
16:24 Double-Bit Axe
22:27 Horse Collar
27:15 Forging
27:10 Scale Barding Armor
27:06 Scale Mail Armor
27:49 Bow Saw
27:42 Heavy Plow
27:34 Gold Mining
27:35 Stone Mining
30:26 Imperial Age
28:49 Bloodlines
29:19 Iron Casting
29:01 Stone Mining
31:31 Cavalier
33:04 Chain Barding Armor
33:53 Blast Furnace
34:32 Crop Rotation
34:43 Plate Barding Armor
35:13 Two-Man Saw
36:26 Town Watch
37:16 Wheelbarrow
37:02 Chain Mail Armor
Connection lost

Rejoining the realm…

Still unreachable

The connection could not be restored.

Session expired

The server has moved on; the page needs a fresh start.